 Dungeon Crawl Stone Soup version 0.22.1 (webtiles) character file.

350 PaladinM the Slasher (level 6, -9/44 HPs)
             Began as a Human Warper on Sept 17, 2018.
             Was an Initiate of the Shining One.
             Mangled by an ogre
             ... wielding a +0 giant club
              (23 damage)
             ... on level 4 of the Dungeon.
             The game lasted 00:12:23 (5877 turns).

PaladinM the Slasher (Human Warper)                 Turns: 5877, Time: 00:12:24

Health: -9/44      AC:  3    Str: 12    XL:     6   Next: 92%
Magic:  6/18       EV: 12    Int: 14    God:    the Shining One [......]
Gold:   268        SH:  0    Dex: 13    Spells: 5/9 levels left

rFire    . . .     SeeInvis .   a - +0 falchion
rCold    . . .     Gourm    .   (no shield)
rNeg     + . .     Faith    .   b - +0 leather armour
rPois    .         Spirit   .   (no helmet)
rElec    .         Reflect  .   (no cloak)
rCorr    .         Harm     .   (no gloves)
MR       .....                  (no boots)
Stlth    +.........             (no amulet)
HPRegen  0.14/turn              r - ring of positive energy
MPRegen  0.16/turn              g - ring of magical power

@: flying, very slightly contaminated, glowing
A: no striking features
a: Renounce Religion


You were on level 4 of the Dungeon.
You worshipped the Shining One.
The Shining One was noncommittal.
You were near starving.

You visited 1 branch of the dungeon, and saw 4 of its levels.

You collected 268 gold pieces.

Inventory:

Hand Weapons
 a - a +0 falchion (weapon)
Missiles
 e - 5 tomahawks of dispersal (quivered)
 n - 5 tomahawks
Armour
 b - a +0 leather armour (worn)
Jewellery
 g - a ring of magical power (right hand)
 l - an uncursed ring of teleportation
 r - a ring of positive energy (left hand)
Wands
 p - a wand of iceblast (12)
Scrolls
 c - 2 scrolls of remove curse
 d - a scroll of blinking
 h - 2 scrolls of identify {unknown}
 i - a scroll of amnesia {unknown}
 o - a scroll of fear {unknown}
 s - a scroll of magic mapping {unknown}
Potions
 k - a potion of flight
 m - a potion of cancellation {unknown}
 q - a potion of degeneration {unknown}
Comestibles
 f - 7 rations


   Skills:
 - Level 2.0 Fighting
 + Level 6.8 Long Blades
 - Level 1.0 Throwing
 - Level 1.0 Armour
 - Level 2.0 Dodging
 - Level 2.0 Spellcasting
 - Level 3.0 Translocations


You had 5 spell levels left.
You knew the following spells:

 Your Spells              Type           Power        Failure   Level  Hunger
a - Shroud of Golubria    Chrm/Tloc      #.........   24%         2    ###....
b - Blink                 Tloc           N/A          13%         2    ###....

Your spell library contained the following spells:

 Spells                   Type           Power        Failure   Level  Hunger
 Gell's Gravitas          Tloc           #.........   26%         3    ####...
 Lesser Beckoning         Tloc           #.........   26%         3    ####...
 Teleport Other           Tloc           #.......     26%         3    ####...
 Passage of Golubria      Tloc           N/A          65%         4    #####..


Dungeon Overview and Level Annotations

Branches:
Dungeon (4/15)
 Temple: D:4-7

Altars:
Hepliaklqana
The Shining One

Annotations:
D:3 Natasha


Message History

You blink.
You feel sick.
Found a viscous dark potion.
Found a stone staircase leading down.
An ogre comes into view. It is wielding a giant club.
You feel sick.
The ogre shouts!
You feel sick.
You feel sick.
You feel sick.
You feel sick.
You feel sick.
Casting: Blink (safe; 13% risk of failure)
Confirm with . or Enter, or press ? or * to list all spells.
You blink.
Casting: Blink (safe; 13% risk of failure)
Confirm with . or Enter, or press ? or * to list all spells.
You blink.
You are near starving!
You feel better. The ogre hits you with a giant club!!
Ouch! That really hurt!
You die...

##
######.#
#..O@.#
##...##
##s## #.#
#.# #.# #
#.# ..
#.#
...###.##


You could see an ogre and a scorpion.

Vanquished Creatures
  An ogre (D:4)
  A hound (D:4)
  Ijyb (D:3)
  Natasha (D:3)
  2 hound skeletons (D:4)
  4 gnolls
  4 adders
  4 dart slugs
  2 leopard geckos (D:3)
  7 orcs
  4 giant cockroaches
  6 goblins
  7 hobgoblins
  5 jackals (D:1)
  4 kobolds
  3 quokkas
  A ball python (D:3)
  3 bats
  7 frilled lizards
  6 rats
73 creatures vanquished.

Notes
Turn   | Place    | Note
-------+----------+-------------------------------------------
     0 | D:1      | PaladinM the Human Warper began the quest for the Orb.
     0 | D:1      | Reached XP level 1. HP: 16/16 MP: 3/3
   204 | D:1      | Reached XP level 2. HP: 10/22 MP: 5/5
   208 | D:1      | Learned a level 2 spell: Shroud of Golubria
   211 | D:1      | Learned a level 2 spell: Blink
   611 | D:1      | Reached skill level 3 in Long Blades
   694 | D:1      | Reached XP level 3. HP: 18/27 MP: 6/6
  1486 | D:1      | Reached skill level 4 in Long Blades
  1486 | D:1      | Reached XP level 4. HP: 11/33 MP: 2/7
  1935 | D:2      | HP: 1/33 [gnoll/whip (6)]
  1952 | D:1      | HP: 1/33 [rat (1)]
  2515 | D:2      | Reached XP level 5. HP: 29/38 MP: 3/8
  2816 | D:2      | Found a hazy altar of Hepliaklqana.
  2853 | D:3      | Noticed Natasha
  2875 | D:2      | Reached skill level 5 in Long Blades
  3140 | D:3      | Noticed Ijyb
  3186 | D:3      | Killed Ijyb
  4055 | D:3      | Killed Natasha
  4055 | D:3      | Reached XP level 6. HP: 17/44 MP: 3/9
  4177 | D:3      | Noticed Natasha
  4491 | D:3      | HP: 1/44 [white imp/puff of frost[Natasha] (6)]
  5254 | D:4      | Noticed an ogre
  5292 | D:4      | Killed an ogre
  5292 | D:4      | Reached skill level 6 in Long Blades
  5748 | D:4      | Found a glowing golden altar of the Shining One.
  5757 | D:4      | Became a worshipper of the Shining One
  5861 | D:4      | Noticed an ogre
  5877 | D:4      | Mangled by an ogre

Skill      XL: |  1  2  3  4  5  6 |
---------------+-------------------+-----
Long Blades    | 3 4 5 6 |  6.8
Fighting       | |  2.0
Throwing       | |  1.0
Armour         | |  1.0
Dodging        | |  2.0
Spellcasting   | |  2.0
Translocations | |  3.0

Action                   |  1- 3 |  4- 6 || total
-------------------------+-------+-------++-------
Melee: Falchion          |   117 |   246 ||   363
 Cast: Shroud of Golubri |     6 |    32 ||    38
       Blink             |       |     3 ||     3
  Use: Potion            |       |     3 ||     3
       Scroll            |       |     2 ||     2
 Stab: Sleeping          |     4 |       ||     4
  Eat: Chunk             |     2 |    10 ||    12
       Ration            |       |     2 ||     2
Armor: Leather armour    |    40 |    63 ||   103
Dodge: Dodged            |   108 |   213 ||   321
       Rpst.: Falchion   |    23 |    53 ||    76
